 Dungeon Crawl Stone Soup version 0.29.0-11-gd7f09526c8 (webtiles) character file.

Game seed: 913710240128487142

619 pacmanke6689 the Poker (level 7, -11/55 HPs)
             Began as a Merfolk Fighter on Sept 6, 2022.
             Mangled by an ogre
             ... wielding a +0 giant club
              (22 damage)
             ... on level 5 of the Dungeon.
             The game lasted 00:09:58 (5150 turns).

pacmanke6689 the Poker (Merfolk Fighter)            Turns: 5150, Time: 00:09:59

Health: -11/55     AC: 11    Str: 16    XL:     7   Next: 46%
Magic:  8/8        EV:  6    Int:  7    God:
Gold:   223        SH:  5    Dex: 16    Spells: 6/7 levels left

rFire   . . .      SeeInvis .   a - +1 trident
rCold   + . .      Faith    .   c - +0 buckler
rNeg    . . .      Spirit   .   f - +2 chain mail {rC+}
rPois   .          Reflect  .   (no helmet)
rElec   .          Harm     .   (no cloak)
rCorr   .          Rampage  .   (no gloves)
Will    .....                   (no boots)
Stlth   ..........              (no amulet)
HPRegen 0.18/turn               (no ring)
MPRegen 0.11/turn               (no ring)

@: mighty
A: (nimble swimmer 2), mertail
a: no special abilities


You were on level 5 of the Dungeon.
You visited 1 branch of the dungeon, and saw 5 of its levels.

You collected 223 gold pieces.

Inventory:

Hand Weapons
 a - a +1 trident (weapon)
Armour
 c - a +0 buckler (worn)
 f - a +2 chain mail of cold resistance (worn)
Wands
 i - a wand of roots (10)
 j - a wand of digging (9)
Potions
 e - a potion of flight
 g - a potion of degeneration


   Skills:
 + Level 4.8 Fighting
 + Level 7.1 Polearms
 + Level 3.4 Armour
 + Level 1.0 Dodging
 + Level 0.2 Stealth
 + Level 4.0 Shields
 + Level 0.7 Spellcasting
 + Level 0.6 Summonings


You had 6 spell levels left.
You knew the following spells:

 Your Spells              Type           Power      Damage    Failure   Level
a - Summon Small Mammal   Summ           4%         N/A       100%        1

Your spell library contained the following spells:

 Spells                   Type           Power      Damage    Failure   Level
 Apportation              Tloc           0%         N/A       100%        1
 Necrotise                Necr           0%         1d4       100%        1
 Portal Projectile        Hex/Tloc       0%         N/A       100%        3
 Tukima's Dance           Hex            0%         N/A       100%        3
 Blade Hands              Tmut           0%         N/A       100%        5


Dungeon Overview and Level Annotations

Branches:
Dungeon (5/15)
 Temple: D:4-7

Altars:

Shops:
D:3 (:[:


Innate Abilities, Weirdness & Mutations

((You are very nimble when in or above water. (Stealth+, EV+, Speed+++)))
Your lower body shifts to a powerful aquatic tail in water.


Message History

You block the phantom's attack. The gnoll barely misses you.
You barely miss the phantom.
The phantom is severely damaged.
The gnoll hits you from afar with a +0 spear.
The phantom hits you.
* * * LOW HITPOINT WARNING * * *
The phantom blinks!
You blink.
Found a murky grey potion.
You puncture the phantom!
You destroy the phantom!
Your Polearms skill increases to level 7!
Your Dodging skill increases to level 1!
Your Shields skill increases to level 4!
The gnoll hits you but does no damage.
You puncture the gnoll!
The gnoll is severely wounded.
The gnoll hits you but does no damage.
You hit the gnoll.
The gnoll is almost dead.
The gnoll hits you with a +0 spear.
* * * LOW HITPOINT WARNING * * *
You hit the gnoll.
You kill the gnoll!
The adder closely misses you.
You closely miss the adder. The adder bites you.
* * * LOW HITPOINT WARNING * * *
You barely miss the adder. You block the adder's attack.
You miss the adder. You block the adder's attack.
You closely miss the adder. The adder barely misses you. x2
You aren't carrying any scrolls.
You closely miss the adder. The adder bites you but does no damage.
You miss the adder. The adder bites you.
* * * LOW HITPOINT WARNING * * *
You miss the adder. The adder barely misses you.
The adder bites you but does no damage.
You puncture the adder!
You kill the adder!
You puncture the ogre!
The ogre is heavily wounded.
The ogre hits you with a +0 giant club!!
You die...

......######
###.#######
######.....####
#..O>.ยง...# #.#......#
#.#.#####.#
#.#.#.##.###.#.# #.#
#.#.#.##.##....# #.#
##.#.#.....wgg### #.#
#....####.##g## #.#
#.........##O# ###.#
#...###.####@### #.<.#
##### #.##.?...#
##.###### #.##.....#
#.......#
####.##.....###...###.#
#....##....?##...#.##
#.#####!....#.#.....#
###.############..##.##
# #......# ##<#..##.#
#.#.##.# #.......#


You could see an ogre, a worm and 3 gnolls.

Vanquished Creatures
  Edmund (D:4)
  An ogre (D:5)
  2 phantoms
  A howler monkey (D:4)
  An orc priest (D:4)
  2 gnolls
  5 adders
  3 worms
  12 dart slugs
  11 orcs
  6 bats
  11 endoplasms
  2 giant cockroaches (D:1)
  5 goblins
  3 hobgoblins
  2 quokkas
  8 ball pythons
  4 frilled lizards
  8 kobolds
  6 rats
94 creatures vanquished.

Vanquished Creatures (others)
  5 demonic plants (D:3)
  7 fungi (D:3)
  4 plants (D:3)
  2 withered plants (D:3)
18 creatures vanquished.

Grand Total: 112 creatures vanquished

Notes
Turn   | Place    | Note
-------+----------+-------------------------------------------
     0 | D:1      | pacmanke6689 the Merfolk Fighter began the quest for the
                  | Orb.
     0 | D:1      | Reached XP level 1. HP: 18/18 MP: 1/1
   146 | D:1      | Reached XP level 2. HP: 21/24 MP: 2/2
   148 | D:1      | Learned a level 1 spell: Summon Small Mammal
   606 | D:1      | Reached skill level 3 in Polearms
   606 | D:1      | Reached XP level 3. HP: 30/30 MP: 0/3
  1636 | D:2      | Reached XP level 4. HP: 26/37 MP: 4/4
  2023 | D:2      | Reached skill level 4 in Polearms
  2373 | D:2      | Reached XP level 5. HP: 42/42 MP: 5/5
  2790 | D:3      | Found Teg Opal's Weapon Shoppe.
  3076 | D:3      | Found Ofawk's Antique Armour Emporium.
  3085 | D:3      | Found Jiqiwib's Book Boutique.
  3127 | D:3      | Found a faded altar of an unknown god.
  3229 | D:3      | Found Poag's Book Emporium.
  3720 | D:4      | Noticed Edmund
  3728 | D:4      | Killed Edmund
  3729 | D:4      | Reached skill level 5 in Polearms
  3729 | D:4      | Reached XP level 6. HP: 15/49 MP: 5/7
  4346 | D:4      | Reached skill level 6 in Polearms
  4407 | D:4      | HP: 1/49 [orc priest/divine providence (12)]
  4409 | D:4      | Reached XP level 7. HP: 2/55 MP: 8/8
  4764 | D:5      | Entered Level 5 of the Dungeon
  5117 | D:5      | Identified the +4 rapier "Caoke" {freeze, rC+ Int+4}
  5138 | D:5      | Reached skill level 7 in Polearms
  5138 | D:5      | Reached skill level 1 in Dodging
  5150 | D:5      | Mangled by an ogre

Illustrated notes

Levels and vault maps discovered:
D:1:      dpeg_arrival_arbitrary_b, layout_basic, minmay_misc_feat_doors,
          nicolae_kite_square_tiling_tiny
D:2:      minmay_diamond_boxcup, layout_loops_ring
D:3:      layout_rooms, shapermc_ecumenical_altar_gd, serial_shops, shop,
          nicolae_shop_advertising_works [nicolae_subvault_shop_adworks],
          nicolae_shop_bloodbath_and_beyond, nicolae_shop_crystal
D:4:      layout_layer_cave, minmay_misc_feat_ornament,
          dreamdust_princess_bridge, uniq_edmund
D:5:      layout_loops_cross, okawaru_metal_pillars_1_2,
          gammafunk_temple_overflow_forgotten

Skill      XL: |  1  2  3  4  5  6  7 |
---------------+----------------------+-----
Polearms       | 3 4 5 6 7 |  7.1
Fighting       | 4 |  4.8
Armour         | 3 |  3.4
Dodging        | 1 |  1.0
Shields        | 4 |  4.0
Stealth        | |  0.2
Spellcasting   | |  0.7
Summonings     | |  0.6

Action                   |  1- 3 |  4- 6 |  7- 9 || total
-------------------------+-------+-------+-------++-------
Melee: Trident           |    90 |   198 |    32 ||   320
  Use: Scroll            |     3 |     5 |       ||     8
       Potion            |       |     2 |     1 ||     3
Armor: Scale mail        |    25 |    36 |       ||    61
       Chain mail        |       |    58 |     8 ||    66
Dodge: Dodged            |    30 |    47 |    11 ||    88
Block: Buckler           |    16 |    50 |    11 ||    77
